 Dungeon Crawl Stone Soup version 0.30-a0-808-g6e0788376e (webtiles) character file.

Game seed: 15718868546379387413

50 cforsyth the Sneak (level 4, -1/27 HPs)
             Began as a Kobold Brigand on Feb 25, 2023.
             Slain by an adder (3 damage)
             ... on level 2 of the Dungeon.
             The game lasted 00:01:04 (540 turns).

cforsyth the Sneak (Kobold Brigand)                  Turns: 540, Time: 00:01:05

Health: -1/27      AC:  3    Str:  8    XL:     4   Next: 4%
Magic:  4/4        EV: 15    Int: 12    God:
Gold:   47         SH:  0    Dex: 18    Spells: 3/3 levels left

rFire   . . .      SeeInvis .    a - +2 dagger
rCold   . . .      Faith    .    (no shield)
rNeg    . . .      Spirit   .    b - +0 robe
rPois   .          Reflect  .    (no helmet)
rElec   .          Harm     .    c - +0 cloak
rCorr   .          Rampage  .    (no gloves)
Will    .....                    (no boots)
Stlth   ++++                     (no amulet)
HPRegen 0.24/turn                (no ring)
MPRegen 0.09/turn                (no ring)

@: lethally poisoned (-1 -> -6)
A: small, no large weapons, nightstalker 3
a: no special abilities


You were on level 2 of the Dungeon.
You visited 1 branch of the dungeon, and saw 2 of its levels.

You collected 47 gold pieces.

Inventory:

Hand Weapons
 a - a +2 dagger (weapon)
Missiles
 d - 9 poisoned darts (quivered)
 e - 3 curare-tipped darts
Armour
 b - a +0 robe (worn)
 c - a +0 cloak (worn)
Scrolls
 f - a scroll of enchant weapon {unknown}
 g - a scroll of blinking {unknown}
 j - a scroll of teleportation {unknown}
 k - a scroll of fog {unknown}
Potions
 h - 2 potions of curing {unknown}
 i - a potion of degeneration {unknown}


   Skills:
 + Level 2.8 Fighting
 + Level 3.5 Short Blades
 - Level 2.1 Throwing
 + Level 2.3 Dodging
 + Level 5.9 Stealth


You had 3 spell levels left.
You didn't know any spells.
Your spell library contained the following spells:

 Spells                   Type           Power      Damage    Failure   Level
 Summon Lightning Spire   Summ/Air       0%         N/A       97%         4
 Storm Form               Tmut/Air       0%         N/A       100%        7
 Maxwell's Capacitive Co  Air            0%         ∞         100%        8


Dungeon Overview and Level Annotations

Branches:
Dungeon (2/15)

Altars:


Innate Abilities, Weirdness & Mutations

You are small and have problems with some larger weapons.
You are completely attuned to the shadows.


Message History

The adder is severely wounded.
You feel sick. The adder bites you. The ball python bites you.
The ball python grabs you. The ball python constricts you. The adder bites you.
You barely miss the ball python.
You feel sick. The adder bites you.
You are more poisoned.
The adder poisons you! The goblin completely misses you.
The ball python misses you. The ball python constricts you.
The adder bites you but does no damage.
You are too injured to fight recklessly!
You are too injured to fight recklessly!
You are too injured to fight recklessly!
You are too injured to fight recklessly!
You are too injured to fight recklessly!
You are too injured to fight recklessly!
You are too injured to fight recklessly!
You escape the ball python's grasp.
The adder attacks as you move away! The adder barely misses you.
You feel sick. The adder closely misses you.
You feel sick. The ball python closely misses you. The ball python grabs you.
The ball python constricts you.
You escape the ball python's grasp.
The ball python attacks as you move away!
The ball python bites you but does no damage.
You feel sick.
You feel sick.
You feel sick. The adder bites you but does no damage.
You feel sick.
You are no longer poisoned.
Unknown command.
The adder attacks as you move away! The adder bites you.
* * * LOW HITPOINT WARNING * * *
The adder attacks as you move away! The adder completely misses you.
The adder barely misses you. The adder attacks as you move away!
The adder bites you.
* * * LOW HITPOINT WARNING * * *
You are lethally poisoned!
The adder poisons you!
* * * LOW HITPOINT WARNING * * *
You feel sick. The adder attacks as you move away! The adder bites you.
You die...

.....##.......
.....##g.....!
..............
..............(
....Sg##.......
....S..##......
...............
....S.##..#....
..##@###.#.....
#.# #.#.....
..###.#.....
.##..#.......
..#.........
#....†...#..
....#....##.
##........
#.........


You could see 2 adders, a goblin and a ball python.

Vanquished Creatures
  Terence (D:2)
  2 adders (D:2)
  A hobgoblin (D:1)
  A kobold (D:2)
  2 quokkas
  A ball python (D:1)
  A bat (D:2)
9 creatures vanquished.

Notes
Turn   | Place    | Note
-------+----------+-------------------------------------------
     0 | D:1      | cforsyth the Kobold Brigand began the quest for the Orb.
     0 | D:1      | Reached XP level 1. HP: 12/12 MP: 1/1
   485 | D:2      | Noticed Terence
   489 | D:2      | Killed Terence
   490 | D:2      | Reached XP level 2. HP: 18/18 MP: 2/2
   490 | D:2      | Reached XP level 3. HP: 22/22 MP: 3/3
   507 | D:2      | Reached XP level 4. HP: 27/27 MP: 4/4
   540 | D:2      | Slain by an adder

Illustrated notes

Levels and vault maps discovered:
D:1:      giann_bridges, layout_rooms, serial_glass, glass_columns_a,
          glass_columns_b
D:2:      layout_rooms, uniq_natasha, uniq_jessica, uniq_terence

Skill      XL: |  1 |
---------------+----+-----
Short Blades   | 3 |  3.5
Dodging        | 2 |  2.3
Fighting       | |  2.8
Throwing       | |  2.1
Stealth        | |  5.9

Action                     |  1- 3 |  4- 6 || total
---------------------------+-------+-------++-------
  Melee: Dagger            |    10 |     8 ||    18
         Punch             |       |     1 ||     1
   Stab: Sleeping          |     6 |       ||     6
 Armour: Robe              |     1 |     4 ||     5
  Dodge: Dodged            |     3 |    15 ||    18

Table legend: (Time is in decaauts)
 A = Elapsed time spent in this place.
 B = Non-inter-level travel time spent in this place.
 C = Inter-level travel time spent in this place.
 D = Time resting spent in this place.
 E = Time spent auto-exploring this place.
 F = Levels seen in this place.
 G = Mean time per level.
                   A        B        C        D        E       F      G
               +--------+--------+--------+--------+--------+-----+--------+
         Total |    536 |    527 |      9 |      0 |    443 |   2 |  268.0 |
       Dungeon |    536 |    527 |      9 |      0 |    443 |   2 |  268.0 |
               +--------+--------+--------+--------+--------+-----+--------+

Top non-repeatable levels by time:
     D:1: 474 daAuts
     D:2: 62 daAuts
